 Dungeon Crawl Stone Soup version 0.31-a0-217-g58bb5d79cf (webtiles) character file.

Game seed: 7603076253334623872

51 qw the Shooter (level 3, -5/21 HPs)
             Began as a Gargoyle Hexslinger on July 2, 2023.
             Slain by a gnoll
             ... wielding a +2 whip of flaming
              (9 damage)
             ... on level 3 of the Dungeon.
             The game lasted 00:00:29 (1055 turns).

qw the Shooter (Gargoyle Hexslinger)                Turns: 1055, Time: 00:00:30

Health: -5/21      AC:  0    Str: 11    XL:     3   Next: 81%
Magic:  4/4        EV: 19    Int: 13    God:
Gold:   111        SH:  0    Dex: 19    Spells: 3/4 levels left

rFire   . . .        Y - melded +1 sling
rCold   . . .        (shield currently unavailable)
rNeg    + . .        c - melded +0 robe
rPois   inf          (helmet currently unavailable)
rElec   .            (cloak currently unavailable)
rCorr   .            (gloves currently unavailable)
SInv    .            (boots currently unavailable)
Will    .....        (no amulet)
Stlth   ++           j - melded ring of see invisible
HPRegen 0.23/turn    (ring currently unavailable)
MPRegen 0.09/turn

%: no passive effects
@: bat-form, flying, very quick
A: fast, flying, no casting, sickness immunity, AC +3, tiny, negative energy
resistance 1, (electricity resistance), torment resistance 1, petrification
resistance
a: no special abilities


You were on level 3 of the Dungeon.
You were a bat.
You visited 1 branch of the dungeon, and saw 4 of its levels.

You collected 111 gold pieces.


Innate Abilities, Weirdness & Mutations

You are a bat.
You are tiny and dextrous.
You move quickly.
You are flying.
Your equipment is almost entirely melded.
You are incapable of wielding weapons or throwing items.
You cannot cast spells.
You are immune to sickness and miasma.
((Your stone body is resilient. (AC +3)))
You are immune to poison.
You resist negative energy. (rN+)
((You are resistant to electric shocks. (rElec)))
You are resistant to unholy torment.
You are immune to petrification.


   Skills:
 - Level 2.0 Fighting
 + Level 3.7 Ranged Weapons
 - Level 1.5 Dodging
 - Level 1.0 Spellcasting
 - Level 2.6 Hexes


You had 3 spell levels left.
You knew the following spells:

 Your Spells              Type           Power      Damage    Failure   Level
a - Slow                  Hex            28%        N/A       10%         1

Your spell library contained the following spells:

 Spells                   Type           Power      Damage    Failure   Level
 Inner Flame              Hex/Fire       4%         N/A       43%         3
 Portal Projectile        Hex/Tloc       8%         N/A       43%         3
 Cause Fear               Hex            3%         N/A       67%         4

Inventory:

Hand Weapons
 Y - a +1 sling (melded)
Armour
 c - a +0 robe (melded)
Jewellery
 b - a +6 ring of strength
 j - a ring of see invisible (melded)
Scrolls
 e - a scroll of noise {unknown}
 f - 2 scrolls of identify
Potions
 a - a potion of curing {unknown}
 d - a potion of berserk rage {unknown}
 g - a potion of cancellation {unknown}
 i - a potion of mutation {unknown}

Dungeon Overview and Level Annotations

Branches:
Dungeon (4/15)
 Temple: D:4-7

Altars:

Annotations:
D:3 Ijyb


Message History

The gnoll shouts!
You hear a shout!
A gnoll comes into view. It is wielding a +0 whip of venom.
You shoot a sling bullet.
The sling bullet closely misses the gnoll.
You hear a shout!
You shoot a sling bullet.
The sling bullet barely misses the gnoll.
You hear a shout!
A kobold comes into view. It is wielding a +0 short sword.
You shoot a sling bullet. The sling bullet hits the gnoll.
The gnoll is heavily wounded.
Ijyb screams, "No!
No, no, no, no!"
A gnoll comes into view. It is wielding a +2 whip of flaming.
You shoot a sling bullet.
The sling bullet barely misses the gnoll.
The gnoll barely misses you.
The kobold hits you with a +0 short sword.
You shoot a sling bullet. The sling bullet hits the gnoll.
The gnoll is moderately wounded.
The kobold hits you with a +0 short sword.
The gnoll barely misses you. x2
You shoot a sling bullet. The sling bullet hits the gnoll!
The gnoll is severely wounded.
The kobold closely misses you. The gnoll misses you.
The gnoll closely misses you.
You shoot a sling bullet.
The sling bullet completely misses the gnoll.
The kobold closely misses you.
The gnoll hits you with a +2 whip of flaming.
The gnoll burns you.
The gnoll hits you with a +0 whip of venom.
Ijyb zaps a wand.
You turn into a bat.
Your +1 sling melds into your body.
Your +0 robe melds into your body.
Your ring of see invisible melds into your body.
You barely miss the gnoll.
The gnoll is severely wounded.
The kobold hits you with a +0 short sword.
The gnoll misses you. Ijyb completely misses you.
The gnoll hits you with a +2 whip of flaming!
You die...

#.# #.# # #.#
###. #.# . ....
#.# ...
####..###.# #>...
....$.Kb#.#......
####.#ggg>.......
#g##.#...... #.
..# ....# ..#..#
...# ##.#..# ..#
#.#..# .# #.#..#
# #..#


You could see Ijyb, 3 gnolls and a kobold.

Vanquished Creatures
  An adder (D:2)
  A worm (D:2)
  A dart slug (D:2)
  5 endoplasms (D:1)
  2 giant cockroaches
  3 goblins
  3 hobgoblins
  2 jackals (D:2)
  5 kobolds
  A quokka (D:2)
  3 ball pythons
  4 bats (D:1)
  2 frilled lizards
  2 rats (D:1)
35 creatures vanquished.

Notes
Turn   | Place    | Note
-------+----------+-------------------------------------------
     0 | D:1      | qw the Gargoyle Hexslinger began the quest for the Orb.
     0 | D:1      | Reached XP level 1. HP: 12/12 MP: 2/2
     0 | D:1      | 0 ||| qw: Version: 0.3-a-40-ge99b1a8
     0 | D:1      | 0 ||| qw: Game counter: 207
     0 | D:1      | 0 ||| qw: Melee chars always use a shield: true
     0 | D:1      | 0 ||| qw: God list: Okawaru
     0 | D:1      | 0 ||| qw: Allow faded altars: false
     0 | D:1      | 0 ||| qw: Do Orc after clearing Dungeon:15 true
     0 | D:1      | 0 ||| qw: Do second Lair branch before Depths: true
     0 | D:1      | 0 ||| qw: Lair rune preference: random
     0 | D:1      | 0 ||| qw: Goals: Normal
     0 | D:1      | 0 ||| PLANNING D:1-11
    63 | D:1      | Reached XP level 2. HP: 16/16 MP: 3/3
   187 | D:1      | Reached skill level 3 in Ranged Weapons
   287 | D:1      | Found a faded altar of an unknown god.
   442 | D:1      | Reached XP level 3. HP: 19/21 MP: 4/4
   605 | D:1      | 605 ||| UPGRADING to ring of see invisible.
   606 | D:1      | 606 ||| READING scroll labelled PIDIAXOLAQ.
   607 | D:1      | 607 ||| READING 2 scrolls labelled PIURUSTEUME.
   608 | D:1      | 608 ||| READING 2 scrolls labelled PIPNIJ ODUOCA.
   609 | D:1      | 609 ||| READING scroll labelled LONUALAG EMNI.
   613 | D:1      | 613 ||| DROPPING scroll of poison.
   614 | D:1      | 614 ||| DROPPING scroll of amnesia.
  1013 | D:2      | You fall into a shaft and drop 2 floors!
  1036 | D:4      | 1036 ||| FLEEEEING.
  1037 | D:4      | 1037 ||| FLEEEEING.
  1038 | D:4      | 1038 ||| FLEEEEING.
  1039 | D:4      | 1039 ||| FLEEEEING.
  1040 | D:4      | 1040 ||| FLEEEEING.
  1041 | D:4      | 1041 ||| FLEEEEING.
  1042 | D:4      | 1042 ||| FLEEEEING.
  1043 | D:4      | 1043 ||| STAIRDANCE
  1044 | D:3      | Noticed Ijyb
  1055 | D:3      | HP: 4/21 [kobold/+0 short sword (3)]
  1055 | D:3      | Slain by a gnoll

Levels and vault maps discovered:
D:1:      giann_bridges, layout_loops_ring,
          shapermc_ecumenical_altar_hornbeckon, minmay_heptomino_h4
D:2:      layout_basic
D:3:      layout_basic, gammafunk_temple_overflow_wave, serial_shops,
          nicolae_square_shop, uniq_robin, uniq_ijyb, uniq_terence
D:4:      layout_layer_cave, uniq_natasha, uniq_edmund

Skill      XL: |  1  2 |
---------------+-------+-----
Ranged Weapons | 3 |  3.7
Fighting       | 2 |  2.0
Dodging        | |  1.5
Spellcasting   | |  1.0
Hexes          | |  2.6

Action                     || total
---------------------------++-------
  Melee: Unarmed           ||     1
   Fire: Sling             ||   115
    Use: Scroll            ||     4
 Armour: Robe              ||    19
  Dodge: Dodged            ||    41

Table legend:
 A = Non-vault XP
 B = Vault XP
 C = Vault XP percentage of total XP
 D = Non-vault monster count
 E = Vault monster count
 F = Vault count percentage of total count
                 A         B        C        D         E       F
            +---------+---------+-------+---------+---------+-------
      Total |      69 |       4 |   5.5 |      32 |       3 |   8.6
            +---------+---------+-------+---------+---------+-------
        D:1 |      32 |       4 |  11.1 |      20 |       3 |  13.0
        D:2 |      37 |       0 |   0.0 |      12 |       0 |   0.0
            +---------+---------+-------+---------+---------+-------
